 Dungeon Crawl Stone Soup version 0.30-b1-2-g02819fbbbe (webtiles) character file.

Game seed: 15735273685441320207

510 Alarkh the Insei (level 6, -5/49 HPs)
             Began as a Demonspawn Artificer on Nov 21, 2023.
             Slain by an iguana (12 damage)
             ... on level 5 of the Dungeon.
             The game lasted 00:06:38 (4133 turns).

Alarkh the Insei (Demonspawn Artificer)             Turns: 4133, Time: 00:06:38

Health: -5/49      AC:  4    Str: 18    XL:     6   Next: 98%
Magic:  6/6        EV: 11    Int: 14    God:
Gold:   467        SH:  0    Dex: 14    Spells: 0/5 levels left

rFire   . .          .
                       - Unarmed
rCold   . . .        (no shield)
rNeg    . . .        b - +1 leather armour
rPois   .            (no helmet)
rElec   .            (no cloak)
rCorr   .            (no gloves)
SInv    .            (no boots)
Will    .....        q - amulet of faith
Stlth   +            f - +6 ring of strength
HPRegen 0.28/turn    (no ring)
MPRegen 0.10/turn

%: faith
@: brilliant
A: claws 1
a: no special abilities


You were on level 5 of the Dungeon.
You visited 1 branch of the dungeon, and saw 5 of its levels.
You also visited: Ossuary.

You collected 467 gold pieces.

Inventory:

Hand Weapons
 h - a +0 rapier
 s - a +1 halberd of venom
Missiles
 g - 6 poisoned darts
 t - 2 throwing nets
Armour
 b - a +1 leather armour (worn)
Jewellery
 f - a +6 ring of strength (left claw)
 q - an amulet of faith (around neck)
Wands
 d - a wand of charming (12)
 e - a wand of iceblast (3)
Scrolls
 a - a scroll of summoning {unknown}
 j - a scroll of blinking {unknown}
 k - a scroll of fear {unknown}
 m - a scroll of silence {unknown}
 n - 3 scrolls of enchant armour
 r - a scroll of identify
 u - a scroll of immolation {unknown}
 w - 3 scrolls of teleportation {unknown}
 x - 2 scrolls of poison
 y - a scroll of magic mapping
 C - 2 scrolls of fog {unknown}
Potions
 c - 2 potions of haste {unknown}
 i - 2 potions of might
 l - a potion of mutation
 o - 3 potions of brilliance
 p - 3 potions of curing
 v - 2 potions of cancellation
 z - a potion of attraction
 A - 2 potions of flight
 B - a potion of lignification
 D - a potion of heal wounds


   Skills:
 + Level 4.5 Fighting
 - Level 1.7 Armour
 - Level 0.8 Dodging
 - Level 0.8 Stealth
 * Level 5.1 Unarmed Combat
 - Level 3.0 Evocations


You couldn't memorise any spells.
You knew the following spells:

 Your Spells              Type           Power      Damage    Failure   Level
a - Blade Hands           Tmut           0%         N/A       100%        5

Your spell library contained the following spells:

 Spells                   Type           Power      Damage    Failure   Level
 Portal Projectile        Hex/Tloc       0%         N/A       71%         3
 Tukima's Dance           Hex            0%         N/A       71%         3


Dungeon Overview and Level Annotations

Branches:
Dungeon (5/15)            Ossuary (visited)
 Temple: D:4-7

Altars:
Kikubaaqudgha
Ru
Sif Muna
Xom


Innate Abilities, Weirdness & Mutations

You have sharp fingernails.


Message History

The hound bites you but does no damage. The hound barely misses you.
You scratch the hound.
The hound is almost dead.
The hound barely misses you.
You scratch the hound.
You kill the hound!
No target in view!
You see here a hound corpse.
An iguana comes into view.
An iguana is nearby!
An iguana is nearby!
Found 3 stones.
The iguana hisses angrily.
You scratch the iguana but do no damage.
The iguana bites you!
You scratch the iguana.
The iguana is lightly wounded.
The iguana closely misses you.
You barely miss the iguana.
The iguana is lightly wounded.
The iguana closely misses you.
You closely miss the iguana.
The iguana is lightly wounded.
The iguana closely misses you.
You scratch the iguana.
The iguana is moderately wounded.
The iguana bites you!
You closely miss the iguana.
The iguana is moderately wounded.
The iguana bites you!
You are too injured to fight recklessly!
You are too injured to fight recklessly!
You scratch the iguana but do no damage.
The iguana is moderately wounded.
The iguana bites you!
* * * LOW HITPOINT WARNING * * *
It was a potion of brilliance.
You feel clever all of a sudden. The iguana bites you!
You die...

.#.####.†##########.#
#...................
######.....#.#####.
#..##.#.# #..##.#.#
#..##.#.#
#..##.#.####
####..........#
......l@.#.##.#
####..##.#.# # ....
..... ..## ...#.## .
.##(#.# .. ..... .#
#.#.## .. #.#


You could see an iguana.

Vanquished Creatures
  A centaur (D:5)
  A phantom (D:4)
  A hound (D:5)
  A sleepcap (D:4)
  An iguana (D:4)
  8 mummies (Ossuary)
  2 gnolls (D:2)
  5 adders
  5 worms
  A dart slug (D:1)
  7 bats
  3 endoplasms
  4 giant cockroaches
  10 goblins
  6 hobgoblins
  4 jackals (D:2)
  4 quokkas
  10 ball pythons
  3 frilled lizards
  3 hobgoblin zombies (Ossuary)
  8 kobolds
  5 kobold zombies (Ossuary)
  6 rats
99 creatures vanquished.

Vanquished Creatures (collateral kills)
  A gnoll (D:2)
1 creature vanquished.

Vanquished Creatures (others)
  A gnoll (D:2)
1 creature vanquished.

Grand Total: 101 creatures vanquished

Notes
Turn   | Place    | Note
-------+----------+-------------------------------------------
     0 | D:1      | Alarkh the Demonspawn Artificer began the quest for the
                  | Orb.
     0 | D:1      | Reached XP level 1. HP: 15/15 MP: 1/1
   276 | D:1      | Gained mutation: You have sharp fingernails. [demonic
                  | ancestry]
   276 | D:1      | Reached XP level 2. HP: 22/22 MP: 2/2
   704 | D:2      | Reached skill level 1 in Unarmed Combat
   779 | D:2      | Reached XP level 3. HP: 28/28 MP: 3/3
   790 | D:2      | Reached skill level 2 in Unarmed Combat
  1185 | D:2      | Reached XP level 4. HP: 22/34 MP: 4/4
  2569 | D:4      | Reached skill level 3 in Unarmed Combat
  2627 | D:4      | Reached XP level 5. HP: 26/41 MP: 5/5
  2633 | D:4      | Found a sand-covered staircase.
  2640 | Ossuary  | Entered an ossuary
  3209 | D:3      | Reached skill level 4 in Unarmed Combat
  3341 | D:4      | Reached XP level 6. HP: 35/48 MP: 6/6
  3793 | D:4      | Found a shimmering blue altar of Sif Muna.
  3832 | D:4      | Found a sacrificial altar of Ru.
  3835 | D:4      | Found a shimmering altar of Xom.
  3896 | D:4      | Learned a level 5 spell: Blade Hands
  3901 | D:5      | Entered Level 5 of the Dungeon
  3901 | D:5      | Found an ancient bone altar of Kikubaaqudgha.
  3986 | D:5      | Reached skill level 5 in Unarmed Combat
  4133 | D:5      | Slain by an iguana

Illustrated notes

Levels and vault maps discovered:
D:1:      kennysheep_arrival_forest, layout_rooms
D:2:      layout_basic, amethyst_killhole
D:3:      layout_loops_ring, kennysheep_big_empty_room, st_stairs_4
D:4:      layout_rooms, minitemple, enter_ossuary_1, minmay_hedge_maze,
          nicolae_wormholes
D:5:      layout_basic, lemuel_crystal_altar, uniq_sigmund, uniq_grinder

Skill      XL: |  1  2  3  4  5  6 |
---------------+-------------------+-----
Fighting       | 2 3 4 |  4.5
Unarmed Combat | 1 2 3 4 5 |  5.1
Armour         | |  1.7
Dodging        | |  0.8
Stealth        | |  0.8
Evocations     | |  3.0

Action                     |  1- 3 |  4- 6 || total
---------------------------+-------+-------++-------
  Melee: Club              |    71 |       ||    71
         Halberd           |    18 |     4 ||    22
         Rapier            |     1 |       ||     1
         Unarmed           |       |   243 ||   243
         Punch             |       |     4 ||     4
  Throw: Dart              |     2 |       ||     2
  Evoke: Wand              |    11 |     9 ||    20
    Use: Scroll            |     1 |     9 ||    10
         Potion            |       |     4 ||     4
   Stab: Sleeping          |     1 |       ||     1
 Armour: Leather armour    |    32 |    60 ||    92
  Dodge: Dodged            |    56 |   140 ||   196
